AoeStats
← mtv

Arabia

509638306Analyzed
1v1 RM · 5d ago on Sep 27, 2026· 31m 46s· 2 players
Game mode
Random Map
Map size
Tiny (2 player)
Population
200
Speed
Normal
Resources
Standard
Victory
Conquest
Starting age
Dark Age
Ending age
Imperial Age
RankedLock teamsTeams togetherTeam positionsShared explorationLock speedFull tech treeHidden civsTurbo modeCheats
Victory
Defeat
🇪🇸 Bengalis · Spain
852
+15
🇳🇱 Koreans · Netherlands
835
-15
Sentient Broccoli
10:38 Feudal Age
9:14 Loom
18:40 Castle Age
19:47 Fletching
27:10 Bodkin Arrow
mtv
10:52 Feudal Age
16:30 Bloodlines
18:12 Scale Barding Armor
19:35 Forging
19:27 Horse Collar
24:16 Castle Age
22:13 Double-Bit Axe
26:07 Chain Barding Armor
25:51 Husbandry
29:25 Heavy Plow
30:22 Fletching
31:46 Iron Casting
Connection lost

Rejoining the realm…

Still unreachable

The connection could not be restored.

Session expired

The server has moved on; the page needs a fresh start.